 Dungeon Crawl Stone Soup version 0.32-a0-350-g4f4d228785 (webtiles) character file.

Game seed: 9435256589852082509

16076 hikkokomori the Arsonist (level 12, 0/101 HPs)
             Began as a Mountain Dwarf Cinder Acolyte on Feb 16, 2024.
             Was an Elder of Ignis.
             Killed from afar by a hell knight (1 damage)
             ... with a bolt of fire
             ... in a volcano on Feb 17, 2024.
             The game lasted 00:38:06 (12054 turns).

hikkokomori the Arsonist (MDCA)                    Turns: 12054, Time: 00:38:07

Health: 0/101      AC: 27    Str: 18    XL:     12   Next: 6%
Magic:  5/22       EV: 13    Int: 19    God:    Ignis [****..]
Gold:   196        SH:  0    Dex:  5    Spells: 2/25 levels left

rFire   + + +        a - +0 hand axe (flame)
rCold   + . .        (no shield)
rNeg    . . .        n - +1 chain mail
rPois   .            z - +0 helmet
rElec   .            E - scarf {repulsion}
rCorr   .            J - +2 pair of gloves of Virtue {rF++ rC+}
SInv    .            u - +0 pair of boots
Will    +....        (no amulet) Stlth
                     p - +4 ring of protection
HPRegen 0.36/turn    w - +5 ring of evasion
MPRegen 0.18/turn

%: repel missiles
@: about to teleport, fiery-armoured
A: runic magic, artefact enchanting
a: Renounce Religion, Fiery Armour, Foxfire Swarm


You were in a volcano.
You worshipped Ignis.
Ignis was greatly pleased with you.
You visited 2 branches of the dungeon, and saw 11 of its levels.
You also visited: Sewer and Volcano.

You collected 666 gold pieces.
You spent 470 gold pieces at shops.

Inventory:

Hand Weapons
 a - a +0 hand axe of flaming (weapon)
Missiles
 q - 3 curare-tipped darts
 L - 7 boomerangs
 O - 2 javelins
Armour
 n - a +1 chain mail (worn)
 u - a +0 pair of boots (worn)
 z - a +0 helmet (worn)
 E - a scarf of repulsion (worn)
 J - the +2 pair of gloves of Virtue (worn) {rF++ rC+}
   (You found it on level 5 of the Dungeon)

   rF++:      It greatly protects you from fire.
   rC+:       It protects you from cold.
Jewellery
 k - a ring of magical power
 p - a +4 ring of protection (left hand)
 w - a +5 ring of evasion (right hand)
 A - a ring of poison resistance
 G - a ring of positive energy
 K - a ring of magical power
Wands
 H - a wand of charming (10)
 I - a wand of polymorph (7)
Scrolls
 e - a scroll of enchant weapon
 h - 2 scrolls of fog
 i - a scroll of vulnerability
 m - a scroll of blinking
 o - 2 scrolls of poison
 r - a scroll of immolation
 s - 3 scrolls of enchant armour
Potions
 c - 2 potions of resistance
 f - a potion of magic {unknown}
 g - 6 potions of curing
 j - 3 potions of heal wounds
 t - a potion of ambrosia
 x - 3 potions of mutation
 B - 3 potions of enlightenment
 C - a potion of degeneration
 D - 3 potions of invisibility
 M - 2 potions of might {unknown}
 P - a potion of brilliance {unknown}
 S - a potion of berserk rage {unknown}


   Skills:
 - Level 8.0 Fighting
 - Level 8.0 Axes
 - Level 2.1 Throwing
 - Level 5.0 Armour
 - Level 1.0 Dodging
 - Level 2.0 Stealth
 - Level 7.0 Spellcasting
 - Level 5.0 Conjurations
 + Level 1.2 Summonings
 + Level 11.8 Fire Magic
 + Level 1.1 Ice Magic
 - Level 2.0 Air Magic
 - Level 7.0 Alchemy
 - Level 2.0 Evocations


You had 2 spell levels left.
You knew the following spells:

 Your Spells              Type           Power      Damage    Failure   Level
a - Fulminant Prism       Conj/Alch      14%        3d9       14%         4
b - Mephitic Cloud        Conj/Alch/Air  24%        N/A       8%          3
c - Olgreb's Toxic Radia  Alch           33%        N/A       10%         4
d - Ignite Poison         Fire/Alch      42%        N/A       3%          4
e - Summon Ice Beast      Ice/Summ       11%        N/A       30%         3
f - Freezing Cloud        Conj/Ice/Air   8%         6-21      83%         5

Your spell library contained the following spells:

 Spells                   Type           Power      Damage    Failure   Level
 Sting                    Conj/Alch      100%       1d9       1%          1
 Scorch                   Fire           100%       2d9       1%          2
 Mercury Vapours          Alch/Air       46%        N/A       4%          2
 Sticky Flame             Fire/Alch      42%        2d8       3%          4
 Volatile Blastmotes      Fire/Tloc      58%        2d14      4%          3
 Hailstorm                Conj/Ice       18%        3d7       14%         3
 Iskenderun's Mystic Bla  Conj/Tloc      16%        2d5       52%         4
 Anguish                  Hex/Necr       3%         N/A       86%         4
 Cause Fear               Hex            3%         N/A       86%         4
 Sculpt Simulacrum        Ice/Alch       11%        N/A       99%         6
 Enfeeble                 Hex            3%         N/A       100%        7
 Ignition                 Fire           25%        3d9       100%        8


Dungeon Overview and Level Annotations

Branches:
Dungeon (10/15)            Temple (0/1) D:5            Lair (1/5) D:10
  Sewer (visited)         Volcano (1/1)
    Orc: D:9-12

Altars:
Ashenzari
Dithmenos
Fedhas
Hepliaklqana
Kikubaaqudgha
Makhleb
Nemelex Xobeh
Qazlal
Ru
Sif Muna
Trog
Vehumet
Yredelemnul
Zin

Shops:
D:5 [   D:9 :


Innate Abilities, Weirdness & Mutations

Your spellcasting is much less encumbered by armour.
You can use scrolls of enchantment on lesser artefacts.


Message History

The sun demon misses you. The hell knight misses you.
You feel much better. The hell knight closely misses you.
The sun demon completely misses you.
Your fulminant prism crackles loudly.
Unknown command.
You hit the sun demon but do no damage.
The sun demon is severely wounded.
The hell knight hits you but does no damage.
The sun demon misses you.
Your magical contamination has completely faded away.
Unknown command.
You barely miss the sun demon.
The sun demon is severely wounded.
The hell knight barely misses you.
Your fulminant prism explodes!
The blast of energy engulfs the hell knight.
The hell knight is moderately wounded.
The blast of energy engulfs the red ugly thing!
The red ugly thing is heavily wounded.
The blast of energy engulfs the sun demon!
The sun demon is almost dead.
The sun demon hits you!
* * * LOW HITPOINT WARNING * * *
You are engulfed in flames.
You resist.
* * * LOW HITPOINT WARNING * * *
The sun demon completely resists.
The hell knight hits you but does no damage.
Unknown command.
Unknown command.
Unknown command.
As you read the scroll of teleportation, it crumbles to dust.
You feel strangely unstable. The sun demon hits you!!
* * * LOW HITPOINT WARNING * * *
You are engulfed in flames.
You resist.
* * * LOW HITPOINT WARNING * * *
The hell knight mumbles some strange prayers to its god against you.
The bolt of fire hits the sun demon.
The sun demon completely resists.
The bolt of fire hits you. You resist.
You die...
Ignis goes out, and joins you in death.

≈≈§≈§.§§≈§≈§≈≈≈≈§§§§≈≈≈≈≈§≈≈§§≈≈§
§§§≈≈≈§§§≈≈§§§.≈≈≈§§§≈≈§≈≈§≈§≈≈§≈
§≈§≈§≈§≈................§§§≈§§≈≈≈
§≈§§≈§≈.########'########§§≈§§≈≈≈
§≈≈§≈≈§.# #.# #.≈§§§§§≈ ≈≈§§≈≈≈.#
#.# #.≈≈§≈≈≈≈ §§§≈≈≈§§# #.#
#.≈≈§§§§§ ≈≈≈§§≈≈.# #.# #.≈§≈≈≈§§
≈≈§≈§≈≈.######.#@#.######.≈≈§§≈≈§
§≈≈≈≈≈≈.#......#3#......#..≈≈§§§≈
≈≈≈≈≈≈≈.###++###p###++###§≈≈≈§≈≈≈
≈§§§≈≈≈.# †u. #.≈≈≈§§§§ ≈§§≈§≈≈.#
.ß_ß. #.≈≈§§≈≈§ ≈≈§§§≈§.# '.....'
#..≈§≈≈§§
§≈§§§§≈.#################.≈§≈≈≈§≈
≈§≈≈≈§...................≈§§§≈≈≈≈
≈§≈§≈§≈≈≈≈≈≈.≈≈≈§§.≈≈≈≈≈≈≈§≈≈§≈≈§


You could see a red ugly thing (poisoned), a hell knight (fast, very poisoned)
and a sun demon.

Vanquished Creatures
  4 two-headed ogres
  An ugly thing (Volcano)
  A manticore (D:7)
  2 black mambas (Lair:1)
  2 cane toads (Lair:1)
  Maggie (D:9)
  A kobold demonologist (D:9)
  A red devil (Volcano)
  2 komodo dragons
  A troll (D:9)
  A polar bear (Lair:1)
  3 hornets
  5 blink frogs (Lair:1)
  2 shadows (D:10)
  A fire bat (Volcano)
  17 yaks
  Menkaure (D:4)
  Edmund (D:4)
  5 water moccasins
  A hell hound (Volcano)
  2 orc warriors
  3 ice beasts
  An ogre (D:6)
  4 black bears
  2 wolves (Lair:1)
  5 centaurs
  A phantom (D:5)
  4 bullfrogs
  5 kobold brigands
  A gnoll sergeant (D:9)
  4 scorpions
  9 wights (D:8)
  6 killer bees (D:8)
  3 howler monkeys
  6 lava snakes (Volcano)
  6 orc priests
  A jelly (D:6)
  A gnoll bouda (D:8)
  A sleepcap (D:6)
  Jessica (D:3)
  2 iguanas
  Terence (D:2)
  3 orc wizards
  8 adders
  12 gnolls
  3 river rats
  3 white imps
  2 dart slugs
  3 ribbon worms
  11 orcs
  6 bats
  8 endoplasms
  6 giant cockroaches
  12 goblins
  10 hobgoblins
  6 quokkas
  7 ball pythons
  5 frilled lizards
  26 kobolds
  14 rats
  A fulminant prism (Volcano)
268 creatures vanquished.

Vanquished Creatures (collateral kills)
  2 yaks
  A wolf (Lair:1)
3 creatures vanquished.

Vanquished Creatures (others)
  7 fulminant prisms (Volcano)
7 creatures vanquished.

Grand Total: 278 creatures vanquished

Notes
Turn   | Place    | Note
-------+----------+-------------------------------------------
     0 | D:1      | hikkokomori the Mountain Dwarf Cinder Acolyte began the
                  | quest for the Orb.
     0 | D:1      | Reached XP level 1. HP: 19/19 MP: 2/2
    28 | D:1      | Reached skill level 4 in Fire Magic
    47 | D:1      | Reached XP level 2. HP: 24/26 MP: 3/3
    58 | D:1      | Learned a level 2 spell: Scorch
   250 | D:1      | Found a faded altar of an unknown god.
   302 | D:1      | Reached XP level 3. HP: 25/31 MP: 4/4
  1208 | D:2      | Reached XP level 4. HP: 38/38 MP: 5/5
  1263 | D:2      | Reached skill level 5 in Axes
  1263 | D:2      | Reached skill level 5 in Fire Magic
  1598 | D:2      | Noticed Terence
  1610 | D:2      | Killed Terence
  1992 | D:2      | Reached XP level 5. HP: 45/45 MP: 6/6
  2307 | D:3      | Noticed Jessica
  2310 | D:3      | Killed Jessica
  2311 | D:3      | Reached skill level 1 in Armour
  2439 | D:3      | Learned a level 3 spell: Mephitic Cloud
  2594 | D:3      | Found a radiant altar of Vehumet.
  3565 | D:4      | Reached XP level 6. HP: 51/51 MP: 9/9
  3576 | D:4      | Noticed Edmund
  3580 | D:4      | Found a bloodstained altar of Trog.
  3594 | D:4      | Killed Edmund
  3595 | D:4      | Reached skill level 1 in Conjurations
  3595 | D:4      | Reached skill level 1 in Alchemy
  3595 | D:4      | Reached XP level 7. HP: 23/57 MP: 1/11
  3962 | D:4      | Noticed Menkaure
  3967 | D:4      | Killed Menkaure
  3992 | D:4      | Found a shadowy altar of Dithmenos.
  4220 | D:4      | You fall into a shaft and drop 3 floors!
  4373 | D:7      | Reached XP level 8. HP: 42/63 MP: 5/12
  4378 | D:7      | Learned a level 4 spell: Olgreb's Toxic Radiance
  4495 | D:7      | Noticed a manticore
  4497 | D:7      | Noticed a two-headed ogre
  4509 | D:7      | Killed a two-headed ogre
  4510 | D:7      | Reached skill level 1 in Air Magic
  4510 | D:7      | Reached skill level 5 in Fighting
  4525 | D:7      | Killed a manticore
  4526 | D:7      | Reached skill level 5 in Alchemy
  4526 | D:7      | Reached XP level 9. HP: 23/74 MP: 3/15
  4999 | D:5      | Entered Level 5 of the Dungeon
  5040 | D:5      | Found Ducheq's Armour Shop.
  5088 | D:5      | Identified the +0 pair of gloves of Virtue {rF++ rC+}
  5234 | D:5      | Found a glowing drain.
  5238 | Sewer    | Entered a sewer
  5395 | Sewer    | Found a glowing silver altar of Zin.
  5724 | D:5      | Found a hazy altar of Hepliaklqana.
  5725 | D:5      | Found a burning altar of Makhleb.
  5827 | D:5      | Found a staircase to the Ecumenical Temple.
  5880 | D:5      | Found an ancient bone altar of Kikubaaqudgha.
  5880 | D:5      | Found a sacrificial altar of Ru.
  5903 | D:5      | Found a basalt altar of Yredelemnul.
  6749 | D:7      | Paralysed by a hornet for 3 turns
  6752 | D:7      | Noticed a two-headed ogre
  7267 | D:7      | Found a sparkling altar of Nemelex Xobeh.
  7356 | D:7      | Killed a two-headed ogre
  7357 | D:7      | Reached XP level 10. HP: 71/86 MP: 9/16
  7747 | D:8      | Reached skill level 1 in Stealth
  7778 | D:8      | Reached skill level 5 in Spellcasting
  8267 | D:8      | Reached skill level 1 in Evocations
  8404 | D:8      | Reached skill level 1 in Throwing
  8405 | D:8      | Reached skill level 1 in Dodging
  8601 | D:8      | Upgraded the game from 0.32-a0-329-ge6c31236d6 to
                  | 0.32-a0-350-g4f4d228785
  8625 | D:9      | Found a stormy altar of Qazlal.
  8629 | D:9      | Found a blossoming altar of Fedhas.
  8641 | D:9      | Noticed a two-headed ogre
  8655 | D:9      | Killed a two-headed ogre
  8656 | D:9      | Reached skill level 5 in Armour
  8775 | D:9      | Found Nagg's Book Shop.
  8784 | D:9      | Bought an Everburning Encyclopedia for 380 gold pieces
  8789 | D:9      | Learned a level 4 spell: Ignite Poison
  8909 | D:9      | Noticed a rust devil
  9086 | D:9      | Reached skill level 5 in Conjurations
  9086 | D:9      | Reached skill level 6 in Fire Magic
  9163 | D:9      | Noticed Maggie
  9169 | D:9      | Killed Maggie
  9278 | D:9      | Reached XP level 11. HP: 94/94 MP: 11/18
  9613 | D:10     | Entered Level 10 of the Dungeon
  9627 | D:10     | Found Zin's Purification Station.
  9627 | D:10     | Found a glowing silver altar of Zin.
  9634 | D:10     | Bought a potion of curing for 90 gold pieces
  9701 | D:10     | Found a shimmering blue altar of Sif Muna.
 10083 | D:10     | Found a broken altar of Ashenzari.
 10090 | D:10     | Noticed a two-headed ogre
 10099 | D:10     | Killed a two-headed ogre
 10100 | D:10     | Reached skill level 7 in Fire Magic
 10480 | D:10     | Found a staircase to the Lair.
 10592 | D:10     | Reached skill level 8 in Fire Magic
 11008 | Lair:1   | Entered Level 1 of the Lair of Beasts
 11042 | Lair:1   | Reached skill level 9 in Fire Magic
 11291 | Lair:1   | Reached skill level 10 in Fire Magic
 11333 | Lair:1   | Reached skill level 11 in Fire Magic
 11504 | Lair:1   | Found a dark tunnel.
 11514 | Volcano  | Entered a volcano
 11704 | Volcano  | Learned a level 4 spell: Fulminant Prism
 11708 | Volcano  | Learned a level 3 spell: Summon Ice Beast
 11714 | Volcano  | Learned a level 5 spell: Freezing Cloud
 11768 | Volcano  | Reached XP level 12. HP: 81/101 MP: 11/22
 12002 | Volcano  | Found a radiant altar of Vehumet.
 12028 | Volcano  | Reached skill level 1 in Summonings
 12028 | Volcano  | Reached skill level 1 in Ice Magic
 12054 | Volcano  | HP: 4/101 [sun demon (18)]
 12054 | Volcano  | HP: 1/101 [sun demon (3)]
 12054 | Volcano  | Killed from afar by a hell knight

Illustrated notes

Levels and vault maps discovered:
D:1:      minmay_arrival_semitransparent, layout_loops_ring, serial_rivers,
          chequers_serial_rivers_room_b, chequers_serial_rivers_room_a,
          chequers_serial_rivers_small_3, chequers_serial_rivers_large_b,
          chequers_serial_rivers_micro_e, basic_ecumenical_altar
D:2:      layout_basic, uniq_terence
D:3:      layout_basic, old_standard_altar, uniq_jessica
D:4:      layout_rooms, nicolae_dithmenos_shadow_blocks, trog_ov_bears_minmay,
          uniq_menkaure, uniq_edmund
D:5:      layout_basic, nicolae_overflow_crystal_walls,
          chequers_temple_overflow_statue_of_worship,
          grunt_temple_overflow_open, minmay_temple_entry_glassed_door,
          gup_sewer_entry_spiral, serial_shops, nicolae_shop_hallway_stairs
D:6:      layout_cave_pools
D:7:      minmay_cornered_nines, layout_basic, nemelex_spade_bored_becter
D:8:      layout_rooms
D:9:      layout_loops_ring, grunt_temple_overflow_forces_of_nature,
          serial_shops, nicolae_shop_gibbet_a_chance, uniq_maggie
D:10:     layout_roguey, zin_purify, nicolae_ashenzari_skybound, tgw_sif,
          grunt_lair_entry_orc_guard_hut
Lair:1:   layout_roguey, lightli_volcano_entry_magma_tube,
          infiniplex_staircase_pool_2, serial_bayou_shore_b, lemuel_fruit_tree
Volcano:  volcano_lake [vl_original]

Skill      XL: |  1  2  3  4  5  6  7  8  9 10 11 12 |
---------------+-------------------------------------+-----
Axes           | 4 6 8 |  8.0
Fire Magic     | 4 5 6 11 | 11.8
Armour         | 2 4 5 |  5.0
Spellcasting   | 2 3 4 5 7 |  7.0
Conjurations   | 1 3 4 5 |  5.0
Alchemy        | 1 3 5 6 7 |  7.0
Air Magic      | 1 2 |  2.0
Fighting       | 5 7 8 |  8.0
Stealth        | 2 |  2.0
Evocations     | 2 |  2.0
Throwing       | 2 |  2.1
Dodging        | 1 |  1.0
Summonings     | 1 |  1.2
Ice Magic      | 1 |  1.1

Action                     |  1- 3 |  4- 6 |  7- 9 | 10-12 || total
---------------------------+-------+-------+-------+-------++-------
  Melee: Hand axe          |    45 |    24 |   104 |   294 ||   467
  Throw: Boomerang         |       |       |       |     1 ||     1
   Cast: Scorch            |    20 |    64 |    91 |    39 ||   214
         Mephitic Cloud    |       |       |     1 |    17 ||    18
         Olgreb's Toxic Ra |       |       |     5 |    46 ||    51
         Ignite Poison     |       |       |       |    20 ||    20
         Fulminant Prism   |       |       |       |     8 ||     8
 Invoke: Fiery Armour      |       |     1 |     3 |     1 ||     5
         Rising Flame      |       |       |     1 |       ||     1
  Evoke: Wand              |       |       |       |     2 ||     2
    Use: Scroll            |       |     1 |     6 |    19 ||    26
         Potion            |       |     2 |     2 |     3 ||     7
   Stab: Confused          |       |       |       |     1 ||     1
 Armour: Robe              |    35 |       |       |       ||    35
         Chain mail        |     2 |    56 |   141 |   285 ||   484
         Skin              |       |       |     9 |       ||     9
  Dodge: Dodged            |    32 |    18 |    97 |   228 ||   375
         Repelled          |       |       |     2 |     6 ||     8

Table legend: (Time is in decaauts)
 A = Elapsed time spent in this place.
 B = Non-inter-level travel time spent in this place.
 C = Inter-level travel time spent in this place.
 D = Time resting spent in this place.
 E = Time spent auto-exploring this place.
 F = Levels seen in this place.
 G = Mean time per level.
                   A        B        C        D        E       F      G
               +--------+--------+--------+--------+--------+-----+--------+
         Total |  12125 |  11791 |    334 |   1083 |   8710 |  13 |  932.7 |
       Dungeon |  10886 |  10552 |    334 |    849 |   8148 |  10 | 1088.6 |
          Lair |    479 |    479 |      0 |    198 |      0 |   1 |  479.0 |
         Sewer |    224 |    224 |      0 |      0 |    182 |   1 |  224.0 |
       Volcano |    535 |    535 |      0 |     36 |    379 |   1 |  535.0 |
               +--------+--------+--------+--------+--------+-----+--------+

Top non-repeatable levels by time:
    D:10: 1416 daAuts
     D:7: 1260 daAuts
     D:1: 1210 daAuts
     D:3: 1197 daAuts
     D:5: 1098 daAuts
     D:4: 1031 daAuts
     D:2: 1015 daAuts
     D:9: 991 daAuts
     D:8: 847 daAuts
     D:6: 816 daAuts
 Volcano: 535 daAuts
  Lair:1: 479 daAuts
   Sewer: 224 daAuts
